| TOP OF THE 1ST |
|
Oakland Oaks batting - Pitching for Americus Braves : RHP Danny Sosa
|
|
Pitching: RHP Danny Sosa
|
|
|
Batting: SHB Steve McGee
|
0-0: Ball 1-0: Called Strike 1-1: Called Strike 1-2: Foul Ball, location: 2F 1-2: Ball 2-2: SINGLE (Groundball, 56D, EV 100.0 MPH)
|
|
Batting: LHB Bryan Hodensack
|
0-0: Ball 1-0: Ball 2-0: Swinging Strike 2-1: Called Strike Steve McGee steals 2nd base 2-2: Ball 3-2: Foul Ball, location: 2F 3-2: Strikes out swinging
|
|
Batting: RHB Shi-xian Da
|
0-0: Called Strike 0-1: Foul Ball, location: 2F 0-2: Ball 1-2: Ball 2-2: Ground out 6-3 (Groundball, P, EV 80.0 MPH) Steve McGee to third
|
|
Batting: SHB Chris King
|
0-0: Swinging Strike 0-1: Foul Ball, location: 2F 0-2: Strikes out swinging
|
| Top of the 1st over - 0 runs, 1 hit, 0 errors, 1 left on base; Oakland 0 - Americus 0 |
| BOTTOM OF THE 1ST |
|
Americus Braves batting - Pitching for Oakland Oaks : RHP Bob Waters
|
|
Pitching: RHP Bob Waters
|
|
|
Batting: RHB Ryan Cole
|
0-0: Ball 1-0: Called Strike 1-1: Foul Ball, location: 2F 1-2: Strikes out swinging
|
|
Batting: RHB Jose Florez
|
0-0: Ball 1-0: Ball 2-0: Swinging Strike 2-1: Foul Ball, location: 2F 2-2: Strikes out swinging
|
|
Batting: RHB Wilson Salgado
|
0-0: Ball 1-0: Called Strike 1-1: SINGLE (Flyball, 89S, EV 92.5 MPH)
|
|
Batting: RHB Bill Horne
|
0-0: Called Strike 0-1: Ground out 5-3 (Groundball, 56S, EV 65.6 MPH)
|
| Bottom of the 1st over - 0 runs, 1 hit, 0 errors, 1 left on base; Oakland 0 - Americus 0 |
| TOP OF THE 2ND |
|
Oakland Oaks batting - Pitching for Americus Braves : RHP Danny Sosa
|
|
Batting: LHB Ben Landry
|
0-0: Ball 1-0: Ball 2-0: Foul Ball, location: 2F 2-1: SOLO HOME RUN (Flyball, 7D, EV 98.8 MPH), Distance : 397 ft
|
|
Batting: RHB Moises Guzman
|
0-0: Ball 1-0: Ball 2-0: Ball 3-0: Foul Ball, location: 2F 3-1: Base on Balls
|
|
Batting: RHB Matt Nehman
|
0-0: Swinging Strike 0-1: Foul Ball, location: 2F 0-2: Strikes out looking
|
|
Batting: RHB Mario Medina
|
0-0: Ball 1-0: Called Strike 1-1: Ball 2-1: Called Strike 2-2: Foul Ball, location: 2F 2-2: Foul Ball, location: 2F 2-2: Foul Ball, location: 2F 2-2: Foul Ball, location: 2F 2-2: Strikes out looking
|
|
Batting: RHB Ricky Ulloa
|
0-0: Ball 1-0: Called Strike 1-1: Ground out U3 (Groundball, 3S, EV 85.0 MPH)
|
| Top of the 2nd over - 1 run, 1 hit, 0 errors, 1 left on base; Oakland 1 - Americus 0 |
| BOTTOM OF THE 2ND |
|
Americus Braves batting - Pitching for Oakland Oaks : RHP Bob Waters
|
|
Batting: RHB Josh Maxwell
|
0-0: Foul Ball, location: 2F 0-1: Ground out 1-3 (Groundball, 13S, EV 71.2 MPH)
|
|
Batting: RHB Bart Stevensdick
|
0-0: Called Strike 0-1: Fly out, F9 (Flyball, 9, EV 87.5 MPH)
|
|
Batting: RHB Juan Barela
|
0-0: Ball 1-0: Foul Ball, location: 2F 1-1: Ground out 5-3 (Groundball, 56, EV 85.6 MPH)
|
| Bottom of the 2nd over - 0 runs, 0 hits, 0 errors, 0 left on base; Oakland 1 - Americus 0 |
| TOP OF THE 3RD |
|
Oakland Oaks batting - Pitching for Americus Braves : RHP Danny Sosa
|
|
Batting: SHB Steve McGee
|
0-0: Called Strike 0-1: Ball 1-1: Ball 2-1: Called Strike 2-2: Foul Ball, location: 2F 2-2: Ball 3-2: Base on Balls
|
|
Batting: LHB Bryan Hodensack
|
0-0: Ball 1-0: Called Strike Steve McGee steals 2nd base 1-1: Swinging Strike 1-2: Strikes out swinging
|
|
Batting: RHB Shi-xian Da
|
0-0: Ground out 5-3 (Groundball, 56S, EV 86.2 MPH)
|
|
Batting: SHB Chris King
|
0-0: Ball 1-0: Ball 2-0: 2-RUN HOME RUN (Flyball, 9LD, EV 91.9 MPH), Distance : 363 ft
|
|
Batting: LHB Ben Landry
|
0-0: Ball 1-0: Called Strike 1-1: Ball 2-1: Ball 3-1: Fly out, F8 (Flyball, 89M, EV 81.9 MPH)
|
| Top of the 3rd over - 2 runs, 1 hit, 0 errors, 0 left on base; Oakland 3 - Americus 0 |
| BOTTOM OF THE 3RD |
|
Americus Braves batting - Pitching for Oakland Oaks : RHP Bob Waters
|
|
Batting: LHB Pappy Sterile
|
0-0: Called Strike 0-1: Foul Ball, location: 2F 0-2: Strikes out swinging
|
|
Batting: RHB Chris Foss
|
0-0: Called Strike 0-1: Foul Ball, location: 2F 0-2: Ball 1-2: Strikes out looking
|
|
Batting: RHB Ryan Cole
|
0-0: Called Strike 0-1: Swinging Strike 0-2: Ball 1-2: Foul Ball, location: 2F 1-2: Foul Ball, location: 2F 1-2: Strikes out swinging
|
| Bottom of the 3rd over - 0 runs, 0 hits, 0 errors, 0 left on base; Oakland 3 - Americus 0 |
| TOP OF THE 4TH |
|
Oakland Oaks batting - Pitching for Americus Braves : RHP Danny Sosa
|
|
Batting: RHB Moises Guzman
|
0-0: SINGLE (Line Drive, 78M, EV 88.8 MPH)
|
|
Batting: RHB Matt Nehman
|
0-0: Called Strike 0-1: Grounds into double play, 5-4-3 (Groundball, 56, EV 109.4 MPH)
|
|
Batting: RHB Mario Medina
|
0-0: Called Strike 0-1: Foul Ball, location: 2F 0-2: Ball 1-2: Strikes out swinging
|
| Top of the 4th over - 0 runs, 1 hit, 0 errors, 0 left on base; Oakland 3 - Americus 0 |
| BOTTOM OF THE 4TH |
|
Americus Braves batting - Pitching for Oakland Oaks : RHP Bob Waters
|
|
Batting: RHB Jose Florez
|
0-0: Called Strike 0-1: Swinging Strike 0-2: Ball 1-2: Foul Ball, location: 2F 1-2: Foul Ball, location: 2F 1-2: Fly out, F8 (Flyball, 8RD, EV 103.1 MPH)
|
|
Batting: RHB Wilson Salgado
|
0-0: Ball 1-0: Swinging Strike 1-1: Foul Ball, location: 2F 1-2: Ball 2-2: Ball 3-2: Ground out 6-3 (Groundball, 6, EV 80.6 MPH)
|
|
Batting: RHB Bill Horne
|
0-0: DOUBLE (Line Drive, 89D, EV 111.2 MPH)
|
|
Batting: RHB Josh Maxwell
|
0-0: Called Strike 0-1: Foul Ball, location: 2F 0-2: Ball 1-2: Strikes out swinging
|
| Bottom of the 4th over - 0 runs, 1 hit, 0 errors, 1 left on base; Oakland 3 - Americus 0 |
| TOP OF THE 5TH |
|
Oakland Oaks batting - Pitching for Americus Braves : RHP Danny Sosa
|
|
Batting: RHB Ricky Ulloa
|
0-0: Ball 1-0: Fly out, F8 (Flyball, 8RD, EV 76.9 MPH)
|
|
Batting: SHB Steve McGee
|
0-0: Called Strike 0-1: Hit by Pitch
|
|
Batting: LHB Bryan Hodensack
|
0-0: Ball 1-0: Ball 2-0: DOUBLE (Line Drive, 7LM, EV 103.8 MPH) Steve McGee to third Runner from 3rd tries for Home, SAFE, throw by LF to trailing runner, SAFE at third!
|
|
Batting: RHB Shi-xian Da
|
0-0: Called Strike 0-1: Ball 1-1: Foul Ball, location: 2F 1-2: Ball 2-2: Ball 3-2: Ground out 6-3 (Groundball, 56, EV 82.5 MPH) Bryan Hodensack scores
|
|
Batting: SHB Chris King
|
0-0: Called Strike 0-1: Foul Ball, location: 2F 0-2: Foul Ball, location: 2F 0-2: Strikes out swinging
|
| Top of the 5th over - 2 runs, 1 hit, 0 errors, 0 left on base; Oakland 5 - Americus 0 |
| BOTTOM OF THE 5TH |
|
Americus Braves batting - Pitching for Oakland Oaks : RHP Bob Waters
|
|
Batting: RHB Bart Stevensdick
|
0-0: SINGLE (Groundball, 6MD, EV 93.8 MPH)
|
|
Batting: RHB Juan Barela
|
0-0: Ground out 6-3 (Groundball, 6S, EV 63.8 MPH) Bart Stevensdick to second
|
|
Batting: LHB Pappy Sterile
|
0-0: Ground out 4-3 (Groundball, 4, EV 83.1 MPH) Bart Stevensdick to third
|
|
Batting: RHB Chris Foss
|
0-0: Ball 1-0: Swinging Strike 1-1: Fly out, F9 (Flyball, 9D, EV 92.5 MPH)
|
| Bottom of the 5th over - 0 runs, 1 hit, 0 errors, 1 left on base; Oakland 5 - Americus 0 |
| TOP OF THE 6TH |
|
Oakland Oaks batting - Pitching for Americus Braves : RHP Danny Sosa
|
|
Batting: LHB Ben Landry
|
0-0: Called Strike 0-1: Ball 1-1: Swinging Strike 1-2: Foul Ball, location: 2F 1-2: SINGLE (Groundball, 34S, EV 63.8 MPH) (infield hit)
|
|
Batting: RHB Moises Guzman
|
0-0: Ball 1-0: Ball 2-0: Foul Ball, location: 2F 2-1: DOUBLE (Line Drive, 78XD, EV 101.2 MPH) Ben Landry to third
|
|
Pitching: RHP Marc Focht
|
|
|
Batting: RHB Matt Nehman
|
0-0: Called Strike 0-1: Ball 1-1: Ball 2-1: Foul Ball, location: 2F 2-2: Foul Ball, location: 2F 2-2: Foul Ball, location: 2F 2-2: Ball 3-2: Base on Balls
|
|
Batting: RHB Mario Medina
|
0-0: Ball 1-0: Called Strike 1-1: Fly out, F8 (Flyball, 8LD, EV 87.5 MPH) Runner from 3rd tags up, OUT at HOME! 8-2 Moises Guzman to third Matt Nehman to second
|
|
Batting: RHB Ricky Ulloa
|
0-0: Ball 1-0: Called Strike 1-1: Ball 2-1: Called Strike 2-2: Ball 3-2: Strikes out swinging
|
| Top of the 6th over - 0 runs, 2 hits, 0 errors, 2 left on base; Oakland 5 - Americus 0 |
| BOTTOM OF THE 6TH |
|
Americus Braves batting - Pitching for Oakland Oaks : RHP Bob Waters
|
|
Batting: RHB Ryan Cole
|
0-0: Ground out 6-3 (Groundball, 6, EV 82.5 MPH)
|
|
Batting: RHB Jose Florez
|
0-0: DOUBLE (Groundball, 5L, EV 105.6 MPH)
|
|
Batting: RHB Wilson Salgado
|
0-0: Ball 1-0: Ball 2-0: Ground out 6-3 (Groundball, 6, EV 86.9 MPH)
|
|
Batting: RHB Bill Horne
|
0-0: Ball 1-0: Ball 2-0: Called Strike 2-1: Ball 3-1: Ground out 6-3 (Groundball, 6, EV 88.8 MPH)
|
| Bottom of the 6th over - 0 runs, 1 hit, 0 errors, 1 left on base; Oakland 5 - Americus 0 |
| TOP OF THE 7TH |
|
Oakland Oaks batting - Pitching for Americus Braves : RHP Marc Focht
|
|
Batting: SHB Steve McGee
|
0-0: Swinging Strike 0-1: Swinging Strike 0-2: Ball 1-2: Ground out 4-3 (Groundball, 4S, EV 74.4 MPH)
|
|
Batting: LHB Bryan Hodensack
|
0-0: Swinging Strike 0-1: Called Strike 0-2: Strikes out swinging
|
|
Batting: RHB Shi-xian Da
|
0-0: Ball 1-0: Ball 2-0: Called Strike 2-1: Foul Ball, location: 2F 2-2: Fly out, F8 (Flyball, 8RM, EV 85.6 MPH)
|
| Top of the 7th over - 0 runs, 0 hits, 0 errors, 0 left on base; Oakland 5 - Americus 0 |
| BOTTOM OF THE 7TH |
|
Americus Braves batting - Pitching for Oakland Oaks : RHP Bob Waters
|
|
Batting: RHB Josh Maxwell
|
0-0: Ball 1-0: Fly out, F3 (Popup, 34, EV 75.0 MPH)
|
|
Batting: RHB Bart Stevensdick
|
0-0: Called Strike 0-1: Foul Ball, location: 2F 0-2: SINGLE (Groundball, 6M, EV 105.0 MPH) (infield hit)
|
|
Batting: RHB Juan Barela
|
0-0: Swinging Strike 0-1: Ball 1-1: Foul Ball, location: 2F 1-2: Foul Ball, location: 2F 1-2: Strikes out swinging
|
|
Batting: LHB Pappy Sterile
|
0-0: Ball 1-0: Called Strike 1-1: Swinging Strike 1-2: Strikes out swinging
|
| Bottom of the 7th over - 0 runs, 1 hit, 0 errors, 1 left on base; Oakland 5 - Americus 0 |
| TOP OF THE 8TH |
|
Oakland Oaks batting - Pitching for Americus Braves : RHP Marc Focht
|
|
Batting: SHB Chris King
|
0-0: Ball 1-0: Swinging Strike 1-1: Ball 2-1: Ball 3-1: Swinging Strike 3-2: Strikes out looking
|
|
Batting: LHB Ben Landry
|
0-0: Called Strike 0-1: Foul Ball, location: 2F 0-2: Strikes out swinging
|
|
Pitching: RHP Norm Wamboldt
|
|
|
Batting: RHB Moises Guzman
|
0-0: Ball 1-0: Ball 2-0: Foul Ball, location: 2F 2-1: Ball 3-1: Base on Balls
|
|
Pinch Hitting: LHB Diego Vega
|
0-0: Ball 1-0: Foul Ball, location: 2F 1-1: Ball 2-1: Swinging Strike 2-2: Strikes out swinging
|
| Top of the 8th over - 0 runs, 0 hits, 0 errors, 1 left on base; Oakland 5 - Americus 0 |
| BOTTOM OF THE 8TH |
|
Americus Braves batting - Pitching for Oakland Oaks : RHP Bob Waters
|
|
Now at 1B: Justin Conley
|
|
|
Batting: RHB Chris Foss
|
0-0: Ball 1-0: Ball 2-0: Called Strike 2-1: Fly out, F9 (Flyball, 89D, EV 98.1 MPH)
|
|
Batting: RHB Ryan Cole
|
0-0: Ball 1-0: Ball 2-0: Ground out 4-3 (Groundball, 4, EV 105.0 MPH)
|
|
Batting: RHB Jose Florez
|
0-0: Ball 1-0: Called Strike 1-1: Fly out, F7 (Flyball, 7LM, EV 81.9 MPH)
|
| Bottom of the 8th over - 0 runs, 0 hits, 0 errors, 0 left on base; Oakland 5 - Americus 0 |
| TOP OF THE 9TH |
|
Oakland Oaks batting - Pitching for Americus Braves : RHP Norm Wamboldt
|
|
Batting: RHB Mario Medina
|
0-0: Ground out 6-3 (Groundball, 6, EV 88.8 MPH)
|
|
Pinch Hitting: RHB Edgardo Rivera
|
0-0: Foul Ball, location: 2F 0-1: Ball 1-1: Swinging Strike 1-2: Ground out 4-3 (Groundball, 4, EV 103.8 MPH)
|
|
Batting: SHB Steve McGee
|
0-0: Ball 1-0: Swinging Strike 1-1: Swinging Strike 1-2: Strikes out swinging
|
| Top of the 9th over - 0 runs, 0 hits, 0 errors, 0 left on base; Oakland 5 - Americus 0 |
| BOTTOM OF THE 9TH |
|
Americus Braves batting - Pitching for Oakland Oaks : RHP Bob Waters
|
|
Now at 2B: Edwin Nunez
|
|
|
Batting: RHB Wilson Salgado
|
0-0: Ball 1-0: Called Strike 1-1: Foul Ball, location: 2F 1-2: Strikes out swinging, 2-3 out at first.
|
|
Batting: LHB Garret Mathis
|
0-0: Called Strike 0-1: Foul Ball, location: 2F 0-2: Ball 1-2: Fly out, F8 (Flyball, 8RXD, EV 111.9 MPH)
|
|
Pinch Hitting: RHB Ricardo Joya
|
0-0: Called Strike 0-1: Called Strike 0-2: Foul Ball, location: 2F 0-2: Ball 1-2: Foul Ball, location: 2F 1-2: Foul Ball, location: 2F 1-2: Ball 2-2: Foul Ball, location: 2F 2-2: Ball 3-2: Foul Ball, location: 2F 3-2: Fly out, F8 (Flyball, 8RD, EV 81.9 MPH)
|
| Bottom of the 9th over - 0 runs, 0 hits, 0 errors, 0 left on base; Oakland 5 - Americus 0 |
|